 Dungeon Crawl Stone Soup version 0.28.0-47-ge53b351184 (webtiles) character file.

Game seed: 12255947077378052731

42 Zeld the Conjurer (level 3, -6/28 HPs)
             Began as a Draconian Conjurer on Apr 29, 2022.
             Mangled by an ogre
             ... wielding a +0 giant club
              (13 damage)
             ... on level 4 of the Dungeon.
             The game lasted 00:01:03 (924 turns).

Zeld the Conjurer (Draconian Conjurer)               Turns: 924, Time: 00:01:03

Health: -6/28      AC:  5    Str:  9    XL:     3   Next: 35%
Magic:  2/6        EV: 12    Int: 20    God:
Gold:   101        SH:  0    Dex:  9    Spells: 3/6 levels left

rFire   . . .      SeeInvis .   (no weapon)
rCold   . . .      Faith    .   (no shield)
rNeg    . . .      Spirit   .   (armour unavailable)
rPois   .          Reflect  .   (helmet restricted)
rElec   .          Harm     .   (no cloak)
rCorr   .          Rampage  .   (no gloves)
Will    .....                   (no boots)
Stlth   ++........              (no amulet)
HPRegen 0.09/turn               (no ring)
MPRegen 0.10/turn               (no ring)

@: no status effects
A: AC +5, unfitting armour, cold-blooded
a: no special abilities


You were on level 4 of the Dungeon.
You visited 1 branch of the dungeon, and saw 4 of its levels.

You collected 101 gold pieces.

Inventory:

Wands
 e - a wand of flame (17)
Scrolls
 a - a scroll of identify {unknown}
 b - a scroll of immolation {unknown}
 c - a scroll of summoning {unknown}
 d - a scroll of teleportation {unknown}


   Skills:
 * Level 1.4 Fighting
 + Level 2.0 Dodging
 + Level 2.1 Stealth
 * Level 2.4 Spellcasting
 * Level 4.3 Conjurations


You had 3 spell levels left.
You knew the following spells:

 Your Spells              Type           Power      Damage    Failure   Level
a - Magic Dart            Conj           76%        1d6       2%          1
b - Searing Ray           Conj           38%        2d5       3%          2

Your spell library contained the following spells:

 Spells                   Type           Power      Damage    Failure   Level
 Dazzling Flash           Conj/Hex       22%        N/A       19%         3
 Fulminant Prism          Conj/Hex       5%         3d7       52%         4
 Iskenderun's Mystic Bla  Conj/Tloc      11%        2d4       52%         4


Dungeon Overview and Level Annotations

Branches:
Dungeon (4/15)
 Temple: D:4-7

Altars:
Ashenzari
Uskayaw


Innate Abilities, Weirdness & Mutations

Your plain brown scales are hard. (AC +5)
You cannot fit into any form of body armour.
You are cold-blooded and may be slowed by cold attacks.


Message History

Unknown command.
Found a stone staircase leading down.
You now have 83 gold pieces (gained 14).
There is a stone staircase leading down here.
There is a stone staircase leading down here.
Found 25 stones.
You now have 101 gold pieces (gained 18).
Found a stone staircase leading down.
There is a stone staircase leading down here.
You climb downwards.
There is a stone staircase leading up here.
A worm is nearby!
You climb upwards.
There is a stone staircase leading down here.
Found a scroll labelled ACAOTZEURO.
Found a hide-covered altar of Uskayaw.
Why would you want to do that?
There is a stone staircase leading down here.
You climb downwards.
There is a stone staircase leading up here.
An ogre is nearby!
An ogre is nearby!
Casting: Magic Dart (safe; 2% risk of failure)
Confirm with . or Enter, or press ? or * to list all spells.
Aiming: Searing Ray (safe; 3% risk of failure)
Press: ? - help, Shift-Dir - straight line, f - ogre
Aim: an ogre, wielding a +0 giant club (asleep, 100% to hit)
The searing ray hits the ogre!
The ogre is moderately wounded.
The ogre shouts! (Press . to maintain the ray.)
The searing ray hits the ogre.
The ogre is heavily wounded.
The ogre hits you with a +0 giant club!!
Ouch! That really hurt!
* * * LOW HITPOINT WARNING * * *
The searing ray hits the ogre.
The ogre is heavily wounded.
The ogre hits you with a +0 giant club!
You die...

#. #. #< #..
.... ###.. # #
. ##.
.##.#.###.#...#
#.
.......@O.....#
#.
....#.###.#...#
.# . # .. . ..#
##


You could see an ogre.

Vanquished Creatures
  A gnoll (D:1)
  2 adders
  A worm (D:2)
  2 ball pythons (D:1)
  A bat (D:3)
  An endoplasm (D:2)
  A goblin (D:2)
  A hobgoblin (D:1)
  A frilled lizard (D:2)
  2 rats
13 creatures vanquished.

Notes
Turn   | Place    | Note
-------+----------+-------------------------------------------
     0 | D:1      | Zeld the Draconian Conjurer began the quest for the Orb.
     0 | D:1      | Reached XP level 1. HP: 14/14 MP: 3/3
   181 | D:1      | Reached XP level 2. HP: 14/22 MP: 0/5
   190 | D:1      | Learned a level 2 spell: Searing Ray
   400 | D:2      | Reached skill level 1 in Fighting
   484 | D:2      | Found a faded altar of an unknown god.
   582 | D:2      | Reached XP level 3. HP: 28/28 MP: 1/6
   744 | D:3      | Found a broken altar of Ashenzari.
   900 | D:3      | Found a hide-covered altar of Uskayaw.
   921 | D:4      | Noticed an ogre
   924 | D:4      | Mangled by an ogre

Illustrated notes

Levels and vault maps discovered:
D:1:      nicolae_arrival_washed_ashore, layout_rooms
D:2:      layout_loops_ring, basic_ecumenical_altar
D:3:      layout_basic, grunt_dithmenos_smoke_and_mirrors,
          evilmike_ruin_ashenzari, nicolae_uskayaw_suspiria
D:4:      wander_river, layout_loops_cross, nemelex_diamond_rough_becter,
          lemuel_crystal_altar

Skill      XL: |  1  2 |
---------------+-------+-----
Fighting       | 1 |  1.4
Dodging        | 2 |  2.0
Stealth        | 2 |  2.1
Spellcasting   | |  2.4
Conjurations   | |  4.3

Action                   || total
-------------------------++-------
Melee: Unarmed           ||     6
       Tailslap          ||     2
 Cast: Magic Dart        ||    29
       Searing Ray       ||     2
Armor: Skin              ||     1
Dodge: Dodged            ||     6
